 Dungeon Crawl Stone Soup version 0.30-a0-782-ge64f9170bb (webtiles) character file.

Game seed: 3880063548586580356

1 Jane the Grasshopper (level 1, 0/9 HPs)
             Began as a Felid Warper on Feb 23, 2023.
             Slain by an adder (2 damage)
             ... on level 3 of the Dungeon.
             The game lasted 00:00:44 (134 turns).

Jane the Grasshopper (Felid Warper)                  Turns: 134, Time: 00:00:45

Health: 0/9        AC:  1    Str:  7    XL:     1   Next: 16%
Magic:  4/4        EV: 17    Int: 14    God:
Gold:   18         SH:  0    Dex: 15    Spells: 4/4 levels left
                                        Lives:  0   Deaths: 0

rFire   . . .      SeeInvis +      - Unarmed
rCold   . . .      Faith    .    (shield unavailable)
rNeg    . . .      Spirit   .    (body armour unavailable)
rPois   .          Reflect  .    (helmet unavailable)
rElec   .          Harm     .    (cloak unavailable)
rCorr   .          Rampage  .    (gloves unavailable)
Will    .....                    (boots unavailable)
Stlth   +                        (no amulet)
HPRegen 0.21/turn                (no ring)
MPRegen 0.09/turn                (no ring)

@: quick
A: very small, claws 1, fangs 3, see invisible, speed 1, shaggy fur 1, stealthy
paws, no weapons or thrown items, no armour, multi-lived
a: no special abilities


You were on level 3 of the Dungeon.
You visited 1 branch of the dungeon, and saw 3 of its levels.

You collected 18 gold pieces.

Inventory:

Scrolls
 a - a scroll of blinking


   Skills:
 + Level 2.0 Fighting
 + Level 3.2 Dodging
 + Level 2.0 Unarmed Combat
 + Level 2.0 Spellcasting
 + Level 4.4 Translocations


You had 4 spell levels left.
You didn't know any spells.
Your spell library contained the following spells:

 Spells                   Type           Power      Damage    Failure   Level
 Blink                    Tloc           26%        N/A       6%          2
 Lesser Beckoning         Tloc           26%        N/A       6%          2
 Teleport Other           Tloc           13%        N/A       12%         3
 Vhi's Electric Charge    Tloc/Air       14%        N/A       28%         3
 Manifold Assault         Tloc           13%        N/A       36%         4


Dungeon Overview and Level Annotations

Branches:
Dungeon (3/15)

Altars:


Innate Abilities, Weirdness & Mutations

You have sharp claws.
You have razor-sharp teeth.
You have supernaturally acute eyesight. (SInv)
You cover ground quickly. (Speed+)
You are covered in fur. (AC +1)
Your paws help you pounce on unaware monsters.
You are incapable of wielding weapons or throwing items.
You cannot wear armour.
You gain extra lives every three experience levels.


Message History

Found an escape hatch in the floor.
A hobgoblin comes into view.
There is an escape hatch in the floor here.
You slide downwards.
The hatch slams shut behind you.
Found 12 gold pieces.
You now have 12 gold pieces.
You now have 18 gold pieces (gained 6).
Found a stone staircase leading down.
There is a stone staircase leading down here.
You climb downwards.
The ball python hisses angrily.
There is a stone staircase leading up here.
A hobgoblin comes into view.
You scratch the ball python. You bite the ball python.
The ball python is severely wounded.
The ball python bites you. The ball python barely misses you.
You scratch the ball python.
You kill the ball python!
The hobgoblin hits you.
Found a scroll labelled KIMNIWKU QIMIA.
An adder comes into view.
You see here a scroll labelled KIMNIWKU QIMIA.
The adder misses you. The adder completely misses you.
The hobgoblin misses you. The adder misses you.
The adder attacks as you move away! The adder completely misses you.
Found a leather armour.
The adder closely misses you. The adder bites you.
The adder attacks as you move away! The adder closely misses you.
The adder attacks as you move away! The adder misses you. The adder bites you.
The adder bites you.
* * * LOW HITPOINT WARNING * * *
You see here a +0 leather armour.
The adder barely misses you. The adder attacks as you move away!
The adder completely misses you. The adder closely misses you.
The adder attacks as you move away! The adder closely misses you.
The adder barely misses you. The adder bites you.
You die...

#......# #.....##.
#........#
##.####.### #.......#
#..####### #.........
#.########
#######.###.@.###.#
#............S....#
#...........#g#######
#........?..#.# #...#
#...........#.###[#.#
#...........#.....#.#
#...................#
#...........#########
#############


You could see an adder and a hobgoblin.

Vanquished Creatures
  A ball python (D:3)
1 creature vanquished.

Notes
Turn   | Place    | Note
-------+----------+-------------------------------------------
     0 | D:1      | Jane the Felid Warper began the quest for the Orb.
     0 | D:1      | Reached XP level 1. HP: 9/9 MP: 4/4
   134 | D:3      | Slain by an adder

Illustrated notes

Levels and vault maps discovered:
D:1:      matt_arrival_grand_opening, layout_basic, minivault_25,
          minmay_small_reverse_x
D:2:      minmay_razor_zed, layout_basic, minmay_misc_feat_enclosed,
          moated_statue, grunt_decor_resistance, minmay_misc_feat_ornament
D:3:      layout_basic, kennysheep_potato

Action                     || total
---------------------------++-------
  Melee: Unarmed           ||     2
         Bite              ||     1
  Dodge: Dodged            ||    14

Table legend: (Time is in decaauts)
 A = Elapsed time spent in this place.
 B = Non-inter-level travel time spent in this place.
 C = Inter-level travel time spent in this place.
 D = Time resting spent in this place.
 E = Time spent auto-exploring this place.
 F = Levels seen in this place.
 G = Mean time per level.
                   A        B        C        D        E       F      G
               +--------+--------+--------+--------+--------+-----+--------+
         Total |    108 |    108 |      0 |      0 |     39 |   3 |   36.0 |
       Dungeon |    108 |    108 |      0 |      0 |     39 |   3 |   36.0 |
               +--------+--------+--------+--------+--------+-----+--------+

Top non-repeatable levels by time:
     D:2: 54 daAuts
     D:3: 41 daAuts
     D:1: 12 daAuts
